Map: Efflorescence LE

Players

optetoze - Winner!

  • Race: Protoss Protoss
  • Spawn Location: 12:00

Cantstopme - Winner!

  • Race: Terran Terran
  • Spawn Location: 3:00

OpuS

  • Race: Protoss Protoss
  • Spawn Location: 6:00

Sketchaphone

  • Race: Zerg Zerg
  • Spawn Location: 9:00

VOD

Have the link to the VOD?

Description

Time

  • Played on: Jan. 22, 2019, 3:06 p.m.
  • Length: 10:33
Show
View Real Time Build Order
Export as new Build Order

optetoze Protoss - Winner!

Build Orders: Cannon Rush 

Get SALT Encoding   

  12  0:01  Probe  
  13  0:13  Probe  
  14  0:19  Pylon  
  14  0:25  Probe  
  15  0:33  Probe  
  15  0:39  Forge  
  15  0:41  Probe  
  17  0:51  Probe  
  18  1:01  Probe  
  19  1:09  Probe  
  19  1:18  Probe  
  20  1:24  Pylon  
  21  1:30  Probe  
  22  1:33  Pylon  
  22  1:42  Probe, Photon Cannon  
  23  1:54  Probe  
  23  1:57  Photon Cannon  
  23  1:59  Photon Cannon  
  23  2:05  Probe  
  23  2:06  Photon Cannon  
  24  2:14  Probe  
  25  2:25  Probe  
  25  2:28  Pylon  
  26  2:38  Photon Cannon x2  
  26  2:40  Pylon  
  25  2:59  Photon Cannon  
  25  3:00  Photon Cannon, Probe  
  26  3:08  Probe  
  27  3:14  Pylon  
  27  3:18  Probe  
  28  3:28  Nexus  
  28  3:31  Probe  
  29  3:35  Photon Cannon  
  29  3:39  Pylon  
  28  3:43  Probe  
  29  3:51  Gateway  
  29  3:55  Probe  
  30  4:00  Photon Cannon  
  30  4:02  Photon Cannon  
  30  4:07  Probe, Assimilator  
  31  4:15  Probe  
  31  4:23  Probe  
  33  4:33  Probe, Assimilator  
  33  4:38  Probe, Assimilator  
  34  4:40  Pylon  
  34  4:41  Cybernetics Core  
  35  4:45  Probe  
  35  4:46  Probe  
  37  4:56  Probe  
  37  4:57  Pylon  
  37  4:58  Probe  
  39  5:00  Photon Cannon  
  39  5:03  Pylon  
  39  5:06  Probe  
  39  5:08  Probe  
  39  5:14  Probe  
  41  5:18  Stargate  
  41  5:20  Probe  
  43  5:24  Probe  
  44  5:29  Stargate  
  44  5:32  Probe  
  45  5:36  Probe, Photon Cannon  
  46  5:44  Probe  
  46  5:45  Assimilator  
  46  5:47  Pylon  
  47  5:52  Stargate  
  47  5:54  Probe  
  47  5:56  Probe  
  49  5:57  Shield Battery  
  49  6:00  Protoss Air Weapons Level 1, Shield Battery  
  49  6:03  Shield Battery  
  49  6:04  Shield Battery  
  49  6:10  Pylon  
  49  6:11  Shield Battery  
  49  6:13  Shield Battery  
  49  6:15  Phoenix  
  51  6:21  Probe  
  51  6:23  Probe  
  53  6:26  Shield Battery  
  53  6:30  Phoenix  
  55  6:35  Phoenix  
  57  6:44  Phoenix  
  59  6:48  Probe x2  
  61  6:58  Phoenix  
  63  7:03  Phoenix  
  63  7:08  Probe x2  
  67  7:10  Nexus  
  67  7:11  Pylon  
  67  7:16  Phoenix  
  69  7:23  Pylon, Phoenix  
  69  7:28  Phoenix  
  73  7:30  Probe  
  73  7:31  Probe  
  75  7:41  Phoenix  
  75  7:43  Probe x2  
  75  7:44  Assimilator  
  79  7:48  Assimilator  
  79  7:50  Phoenix  
  81  7:59  Pylon  
  81  8:01  Phoenix  
  83  8:11  Phoenix  
  82  8:23  Phoenix  
  82  8:24  Probe x2  
  82  8:26  Phoenix  
  80  8:36  Phoenix  
  80  8:40  Probe  
  83  8:45  Probe x2  
  85  8:49  Phoenix  
  85  8:52  Probe  
  88  8:56  Phoenix  
  88  8:57  Probe  
  88  8:58  Probe  
  92  9:04  Probe  
  92  9:09  Phoenix  
  95  9:10  Probe x2  
  95  9:14  Phoenix  
  95  9:16  Probe  
  100  9:21  Phoenix  
  100  9:22  Assimilator  
  102  9:28  Probe  
  103  9:34  Phoenix  
  103  9:41  Phoenix  
  105  9:46  Phoenix  
  105  9:48  Probe x2  
  109  9:59  Phoenix  
  111  10:01  Pylon  
  111  10:03  Photon Cannon  
  111  10:06  Pylon, Phoenix  
  115  10:17  Nexus  
  115  10:19  Pylon  
  115  10:22  Pylon  
Show
View Real Time Build Order
Export as new Build Order

Cantstopme Terran - Winner!

Build Orders:  

Get SALT Encoding   

  12  0:02  SCV  
  13  0:14  Supply Depot  
  13  0:18  SCV  
  14  0:30  SCV  
  15  0:41  Barracks  
  15  0:42  SCV  
  16  0:52  Refinery  
  16  0:54  SCV  
  17  1:06  SCV  
  18  1:18  SCV  
  19  1:30  SCV  
  20  1:37  Reaper  
  21  1:45  Command Center  
  22  1:50  Orbital Command  
  21  1:58  Supply Depot  
  21  2:04  Refinery  
  21  2:16  SCV  
  21  2:20  Barracks Reactor  
  22  2:25  Barracks  
  22  2:28  SCV  
  23  2:42  Factory  
  23  2:43  SCV  
  24  2:48  Supply Depot  
  24  2:55  SCV  
  25  3:04  Marine x2  
  27  3:08  SCV  
  27  3:11  Supply Depot  
  28  3:13  Orbital Command  
  28  3:17  Barracks Tech Lab  
  28  3:21  Marine  
  29  3:27  Factory Tech Lab  
  29  3:32  SCV  
  29  3:33  Starport  
  30  3:38  Marine  
  30  3:39  Marine  
  32  3:44  Stimpack  
  32  3:49  SCV  
  32  3:50  SCV  
  34  3:58  Marine  
  34  4:01  Siege Tank  
  38  4:05  Marine x2  
  38  4:07  SCV  
  41  4:13  Starport Reactor  
  41  4:15  Marine  
  41  4:16  Supply Depot  
  43  4:17  SCV  
  43  4:24  SCV  
  43  4:29  SCV  
  43  4:30  Marine x2  
  47  4:33  Marine  
  47  4:36  SCV  
  49  4:42  SCV  
  49  4:44  Barracks  
  50  4:48  Marine x2, SCV  
  50  4:51  Medivac, Marine  
  50  4:52  Medivac  
  58  4:54  SCV  
  59  5:00  SCV  
  59  5:04  Supply Depot  
  59  5:06  Supply Depot, SCV  
  61  5:11  Siege Tank  
  61  5:13  SCV  
  65  5:16  Refinery  
  65  5:18  Refinery, SCV  
  65  5:20  Engineering Bay  
  66  5:25  SCV  
  67  5:30  SCV  
  68  5:36  Marine x4  
  68  5:37  SCV  
  73  5:47  Supply Depot  
  73  5:53  Marine  
  73  5:55  Barracks  
  73  5:56  Medivac  
  76  5:57  Barracks  
  76  5:58  Marine  
  76  5:59  Barracks  
  76  6:01  Combat Shield  
  77  6:10  Engineering Bay, Supply Depot  
  77  6:17  Marine x3  
  77  6:18  Marine  
  81  6:32  SCV x2  
  83  6:35  Marine x4  
  87  6:44  SCV  
  88  6:50  Medivac x2  
  88  6:53  Marine x4  
  89  7:11  Marine x4  
  93  7:28  Marine  
  93  7:29  Marine x3  
  94  7:46  Marine x3  
  94  7:47  Marine  
  96  8:04  Marine x2  
  98  8:11  Barracks Reactor  
  98  8:13  Barracks Reactor x3  
  92  8:40  Marine x3  
  92  8:49  Supply Depot  
  92  8:51  Supply Depot  
  90  8:56  Marine x4  
  90  8:57  Marine x5  
  90  8:58  Marine x2  
  101  9:11  Medivac x2  
  101  9:14  Marine x6  
  101  9:15  Marine x5  
  116  9:32  Marine x2  
  118  9:43  Medivac  
  118  9:58  Supply Depot  
  118  9:59  Supply Depot  
  118  10:00  Marine  
  118  10:01  Marine  
  118  10:02  Medivac, Marine x9  
  130  10:18  Command Center  
  138  10:22  Supply Depot  
  138  10:23  Supply Depot  
  134  10:29  Command Center  
Show
View Real Time Build Order
Export as new Build Order

OpuS Protoss 

Build Orders:  

Get SALT Encoding   

  12  0:01  Probe  
  13  0:13  Probe  
  14  0:21  Pylon  
  14  0:25  Probe  
  15  0:37  Probe  
  15  0:39  Gateway  
  16  0:45  Probe  
  17  0:56  Gateway  
  17  1:02  Probe  
  18  1:05  Assimilator  
  18  1:14  Probe  
  19  1:31  Cybernetics Core, Probe  
  20  1:43  Probe  
  21  1:51  Probe  
  21  2:00  Probe  
  22  2:07  Forge  
  23  2:11  Pylon  
  22  2:16  Stalker  
  23  2:29  Stalker, Pylon  
  25  2:42  Photon Cannon  
  25  2:47  Photon Cannon  
  24  3:10  Zealot x2  
  28  3:14  Robotics Facility  
  28  3:19  Assimilator  
  28  3:32  Warp Gate  
  28  3:36  Pylon  
  28  3:55  Immortal  
  28  4:08  Nexus  
  32  4:13  Adept  
  32  4:16  Probe  
  35  4:24  Pylon  
  35  4:34  Immortal  
  39  4:55  Gateway  
  39  4:58  Sentry  
  41  5:02  Sentry  
  43  5:36  Immortal  
  43  5:40  Stalker x2  
  51  5:43  Probe x2  
  51  5:48  Protoss Ground Weapons Level 1  
  53  5:55  Probe  
  54  6:01  Probe  
  55  6:07  Probe  
  55  6:11  Adept  
  58  6:12  Adept  
  59  6:59  Pylon  
  59  7:14  Assimilator  
  59  7:18  Pylon, Assimilator  
  59  7:22  Pylon  
  59  7:36  Nexus, Probe  
  60  7:48  Probe  
  55  8:24  Stalker x3  
  41  8:37  Stargate  
  41  8:39  Stargate  
  33  8:48  Probe  
  34  9:00  Probe  
  34  9:02  Stalker x3  
  39  9:07  Nexus  
  39  9:25  Void Ray  
  39  9:28  Probe x2  
  45  9:35  Adept x2  
  45  9:36  Adept  
  51  9:50  Void Ray  
  55  10:07  Adept x3  
Show
View Real Time Build Order
Export as new Build Order

Sketchaphone Zerg 

Build Orders: Hatch First 

Get SALT Encoding   

  12  0:02  Drone  
  13  0:13  Overlord  
  13  0:19  Drone  
  14  0:31  Drone, Extractor  
  14  0:33  Drone  
  16  0:36  Drone  
  17  0:59  Drone  
  17  1:01  Hatchery  
  17  1:02  Extractor  
  16  1:04  Drone  
  17  1:13  Drone  
  18  1:26  Spawning Pool  
  17  1:44  Drone  
  18  1:47  Drone x2  
  20  2:03  Hatchery  
  20  2:16  Metabolic Boost  
  20  2:23  Drone  
  20  2:25  Drone  
  20  2:26  Hatchery  
  20  2:28  Overlord  
  21  2:37  Drone  
  22  2:47  Zergling x2  
  23  2:51  Queen  
  23  2:58  Zergling x2  
  27  3:17  Extractor  
  26  3:20  Drone  
  27  3:28  Roach Warren  
  26  3:35  Drone  
  26  3:40  Drone  
  27  3:49  Hatchery  
  26  4:00  Drone x2  
  28  4:03  Drone x2  
  28  4:08  Roach x2  
  34  4:12  Queen  
  34  4:15  Overlord  
  36  4:29  Overlord  
  36  4:31  Overlord  
  36  4:32  Queen  
  36  4:37  Zergling x2  
  39  4:39  Zergling x2  
  39  4:42  Overlord  
  39  4:43  Roach x2  
  44  5:03  Roach x7  
  44  5:05  Drone  
  59  5:07  Queen  
  61  5:22  Overlord  
  61  5:23  Overlord  
  61  5:24  Overlord  
  61  5:25  Roach, Drone  
  61  5:27  Drone  
  65  5:29  Drone  
  65  5:31  Zergling x2  
  67  5:36  Drone  
  67  5:37  Drone x2  
  70  6:01  Overlord x2  
  70  6:02  Roach  
  72  6:06  Ravager x2  
  72  6:07  Zergling x16  
  82  6:27  Zergling x22  
  92  6:40  Overlord x2  
  92  6:41  Drone  
  92  6:44  Roach x2  
  81  7:18  Extractor  
  81  7:21  Evolution Chamber  
  81  7:22  Evolution Chamber  
  75  7:28  Zergling x24  
  74  7:35  Ravager  
  70  7:44  Spawning Pool  
  68  8:10  Drone x2  
  70  8:13  Drone x4  
  68  8:50  Extractor  
  47  8:56  Spore Crawler  
  47  8:57  Spore Crawler  
  41  9:09  Spore Crawler  
  32  9:10  Spore Crawler  
  32  9:11  Spore Crawler  
  32  9:13  Spore Crawler  
  32  9:15  Spine Crawler  
  28  9:19  Spine Crawler  
  28  9:20  Spine Crawler, Drone x13  
  28  9:21  Spore Crawler  
  28  9:22  Spine Crawler  
  27  9:47  Drone x2  
  20  10:02  Hatchery  
  19  10:11  Spawning Pool  
  19  10:13  Drone  
  19  10:14  Drone  
  20  10:22  Hatchery  
Tags
 
Add a new tag
Caveats
  • Supply blocks, unpowered buildings, or Contaminate may cause inaccurate times.
  • Supply counts are checked every 10 seconds.